 Dungeon Crawl Stone Soup version 0.32-a0-656-g3542139ebd (webtiles) character file.

Game seed: 7855076337501555254

158542 hikkokomori the Fetichist (level 17, -2/192 (202) HPs)
             Began as a Coglin Berserker on Mar 9, 2024.
             Was the Champion of Trog.
             Slain by a merfolk impaler
             ... wielding a +2 trident of protection
              (7 damage)
             ... on level 1 of the Shoals.
             The game lasted 01:36:07 (31274 turns).

hikkokomori the Fetichist (Coglin Berserker)       Turns: 31274, Time: 01:36:08

HP:   -2/192 (202)  AC: 24    Str: 25    XL:     17   Next: 72%
MP:   17/17         EV: 14    Int:  7    God:    Trog [******]
Gold: 922           SH:  0    Dex: 23    Spells: 16/16 levels left

rFire   + . .        X - +6 double sword (heavy) {Sebastián}
rCold   + + .        G - +4 scimitar "Zoitz" {vamp, rPois}
rNeg    . . .        g - +2 plate armour {rC+}
rPois   +            D - +0 mask of the Dragon {Will+ Slay+3 SInv}
rElec   +            p - scarf "Qeosokol" {rC+ rF+, Str+3 Stlth+}
rCorr   .            V - +2 pair of gloves {Dex+3}
SInv    +            l - +1 pair of boots "Agroil" {rPois Str+3}
Will    +++..        (amulet unavailable) Stlth
                     (ring unavailable)
HPRegen 0.52/turn    (ring unavailable)
MPRegen 0.15/turn    a
                       - N-80 turboramjet {rElec Will+ Clar RMsl}

%: repel missiles, clarity
@: berserking, lethally poisoned (-2 -> -42), studying 3 skills, drained,
revved, very quick
A: off-hand wielding, slow wielding, warmup strikes, no jewellery
a: Renounce Religion, Berserk, Trog's Hand, Brothers in Arms


You were on level 1 of the Shoals.
You worshipped Trog.
Trog was exalted by your worship.
You visited 6 branches of the dungeon, and saw 27 of its levels.
You also visited: Sewer, Gauntlet and Volcano.

You collected 2706 gold pieces.
You spent 1784 gold pieces at shops.

Inventory:

Hand Weapons
 o - a +5 antimagic long sword
 G - the +4 scimitar "Zoitz" (offhand) {vamp, rPois}
   (You found it on level 6 of the Dungeon)

   rPois:     It protects you from poison.
 U - the +8 rapier of Taxation {freeze, rF- rC+ rN+}
   (You found it in a Gauntlet)

   rF-:       It makes you vulnerable to fire.
   rC+:       It protects you from cold.
   rN+:       It protects you from negative energy.
 X - a +6 heavy double sword (weapon) {Sebastián}
Missiles
 e - 20 poisoned darts (quivered)
 f - 3 throwing nets
 w - 3 silver javelins
 A - 8 javelins
Armour
 g - a +2 plate armour of cold resistance (worn)
 i - a +1 chain mail of fire resistance
 l - the +1 pair of boots "Agroil" (worn) {rPois Str+3}
   (You acquired it on level 5 of the Dungeon)

   Str+3:     It affects your strength (+3).
   rPois:     It protects you from poison.
 p - the scarf "Qeosokol" (worn) {rC+ rF+, Str+3 Stlth+}
   (You acquired it on level 3 of the Dungeon)

   Str+3:     It affects your strength (+3).
   Stlth+:    It makes you more stealthy.
 u - a scarf of invisibility
 D - the +0 mask of the Dragon (worn) {Will+ Slay+3 SInv}
   (You acquired it on level 3 of the Dungeon)

   Slay+3:    It affects your accuracy & damage with ranged weapons and melee
   (+3).
   Will+:     It increases your willpower.
   SInv:      It lets you see invisible.
 R - +0 acid dragon scales
 V - a +2 pair of gloves of dexterity (worn)
Gizmo
 a - a N-80 turboramjet (installed) {rElec Will+ Clar RMsl}
   (You invented it yourself in a volcano)

   [N-80 turboramjet]

   rElec:     It insulates you from electricity.
   Will+:     It increases your willpower.
   Clar:      It protects you from confusion, rage, mesmerisation and fear.
   RMsl:      It protects you from missiles.
Wands
 s - a wand of charming (15)
 E - a wand of digging (7)
 K - a wand of flame (26)
 M - a wand of warping (9)
 T - a wand of polymorph (1)
Scrolls
 j - 3 scrolls of revelation
 q - a scroll of torment
 r - 2 scrolls of summoning
 x - 3 scrolls of poison
 y - 5 scrolls of enchant armour
 C - 2 scrolls of immolation
 H - 10 scrolls of teleportation
 I - a scroll of blinking
 J - 2 scrolls of fear
 N - 4 scrolls of fog
 W - 2 scrolls of noise
 Y - a scroll of silence
 Z - a scroll of vulnerability
Potions
 b - 2 potions of curing
 c - a potion of ambrosia
 d - 2 potions of attraction
 k - 5 potions of mutation
 m - 4 potions of haste
 n - 4 potions of magic
 t - 3 potions of cancellation
 v - 5 potions of berserk rage
 B - 4 potions of resistance
 F - 5 potions of enlightenment
 L - 8 potions of brilliance
 O - 5 potions of heal wounds
 P - 3 potions of might
 Q - 3 potions of lignification
Miscellaneous
 h - a phial of floods
 z - a box of beasts
 S - a lightning rod (4/4)


   Skills:
 + Level 12.8 Fighting
 - Level 10.3(13.2) Short Blades
 - Level 14.5(16.0) Long Blades
 - Level 7.0 Axes
 - Level 8.0 Throwing
 + Level 13.5 Armour
 - Level 10.1 Dodging
 - Level 16.0 Evocations


You had 16 spell levels left.
You didn't know any spells.
Your spell library was empty.

Dungeon Overview and Level Annotations

Branches:
Dungeon (15/15)            Temple (0/1) D:5            Lair (5/5) D:9
 Shoals (1/4) Lair:2       Spider (3/4) Lair:2        Slime (0/5) Lair:4
    Orc (2/2) D:12            Elf (1/3) Orc:2        Vaults (0/5) D:13
 Depths (0/4) D:15          Sewer (visited)         Volcano (visited)
Gauntlet (visited)

Altars:
Ashenzari
Dithmenos
Elyvilon
Fedhas
Gozag
Hepliaklqana
Makhleb
Nemelex Xobeh
Okawaru
Qazlal
Sif Muna
Trog
Uskayaw
Zin
The Shining One
Jiyva

Shops:
D:3 *   Orc:2 *!((

Portals:
Trove: Elf:1 (give +6 demon blade)

Annotations:
D:2 Sigmund


Innate Abilities, Weirdness & Mutations

You can wield a second weapon in your off-hand.
It takes a long time for you to wield or remove held weapons.
Your first few attacks do less damage.
You cannot equip rings or amulets.


Message History

You carve the merfolk like a ham with your +6 heavy double sword!!!
You feel sick.
The merfolk impaler hits you from afar with a +0 trident!
The merfolk impaler hits you from afar with a +4 demon trident of venom.
Found a phantom mirror.
You feel very sick. The merfolk barely misses you.
The merfolk impaler hits you with a +4 demon trident of venom!!
* * * LOW HITPOINT WARNING * * *
The merfolk impaler barely misses you. The merfolk barely misses you.
You barely miss the merfolk impaler with the +4 scimitar "Zoitz".
You cut the merfolk impaler into ribbons with your +6 heavy double sword!!!
You feel sick.
The merfolk impaler closely misses you. x2
The merfolk impaler hits you with a +4 demon trident of venom!
* * * LOW HITPOINT WARNING * * *
You are lethally poisoned!
The merfolk hits you from afar with a +0 trident!
* * * LOW HITPOINT WARNING * * *
You slash the merfolk impaler with the +4 scimitar "Zoitz"!
You feel better.
The merfolk impaler is moderately wounded.
You chop the merfolk impaler into pieces with your +6 heavy double sword!!!
* * * LOW HITPOINT WARNING * * *
You feel very sick. The merfolk impaler misses you.
The merfolk impaler hits you with a +4 demon trident of venom!
* * * LOW HITPOINT WARNING * * *
You are more poisoned.
The merfolk impaler hits you with a +0 trident.
* * * LOW HITPOINT WARNING * * *
The merfolk hits you with a +0 trident.
* * * LOW HITPOINT WARNING * * *
You cut the merfolk impaler into ribbons with your +6 heavy double sword!!!
You kill the merfolk impaler!
Trog accepts your kill.
You hear a splash. x3
* * * LOW HITPOINT WARNING * * *
You feel extremely sick.
The merfolk impaler hits you with a +2 trident of protection!
You die...

.≈##.. #≈~~≈≈≈≈≈ ≈#...
m#≈.~≈≈≈≈≈≈≈~~~ ≈#..}
m#≈.m~≈≈≈≈≈≈~~~. .. #...
#≈..~~≈≈≈≈~~~.. ..≈ #..
##≈...~~~≈~~~~..
..≈≈##m##≈≈...~~~~~~~~..
..≈≈≈.mm≈≈≈....~~~~..(.~
...≈≈..@≈≈..)..~~~~~..~~
...?...m..)$.....~.~~~~~
......................~~
....................#..~
.........?..~...........
...........~~~..........
.........~~~~~.......~..
.......~~~~~~~....#.~...
#....~~~~~.~~~...#..~..


You could see a merfolk avatar, 2 merfolk impalers and 2 merfolk.

Vanquished Creatures
  Asterion (Elf:1)
  The ghost of Posi the Eclecticist, an adept DjIE of Makhleb (Spider:2)
  Agnes (Spider:1)
  The ghost of Oroqousi the Earth Mage, an adept GrEE of Gozag (Spider:2)
  The ghost of ASSMAN the Evocator, an adept CoAr of Dithmenos (Spider:2)
  Aizul (Spider:1)
  Donald (Spider:1)
  A deep elf sorcerer (Elf:1)
  The ghost of Biggs the Hermetic, a journeyman DjCj of Makhleb (Spider:2)
  3 ghost moths
  3 deep elf elementalists (Elf:1)
  Louise (D:15)
  A very ugly thing (D:15)
  2 deep elf death magi (Elf:1)
  A minotaur (Gauntlet)
  An ettin (Orc:2)
  Snorg (Orc:2)
  2 merfolk impalers (Shoals:1)
  Harold (D:11)
  2 entropy weavers
  An ice dragon (Lair:5)
  4 hydras
  Fannar (Lair:2)
  A jorogumo (Spider:1)
  A radroach (Spider:2)
  A death knight (D:14)
  6 centaur warriors
  6 boulder beetles
  2 catoblepae (Lair:5)
  6 dancing weapons (Elf:1)
  5 two-headed ogres
  7 death yaks (Lair:5)
  6 demonic crawlers
  An orc high priest (Orc:2)
  A wretched star (Gauntlet)
  6 deep elf knights (Elf:1)
  A sixfirhy (Gauntlet)
  5 skeletal warriors (D:13)
  4 pharaoh ants
  4 deep elf archers
  5 orb spiders
  2 sun moths
  An arcanist (D:13)
  A swamp dragon (Lair:5)
  2 lindwurms
  Pikel (D:7)
  4 orc knights
  A phantasmal warrior (D:14)
  22 deep elf pyromancers
  11 deep elf zephyrmancers (Elf:1)
  5 wolf spiders
  An orc sorcerer (Orc:1)
  7 elephants
  2 ugly things
  4 manticores
  6 cyclopes
  3 moths of wrath
  8 black mambas
  3 torpor snails
  3 kobold blastminers (Orc:2)
  13 cane toads
  2 gargoyles
  An unseen horror (shapeshifter) (D:13)
  2 unseen horrors
  A kobold demonologist (D:12)
  9 rime drakes
  An efreet (D:14)
  9 komodo dragons
  3 tengu conjurers (D:15)
  Psyche (D:11)
  5 merfolk (Shoals:1)
  A hornet (shapeshifter) (Elf:1)
  A merfolk (shapeshifter) (D:15)
  5 polar bears
  7 trolls
  Prince Ribbit (D:8)
  13 tarantellas
  11 dream sheep
  A hornet (D:9)
  A raiju (shapeshifter) (D:13)
  3 blink frogs
  A glass eye (shapeshifter) (D:13)
  A snapping turtle (Lair:2)
  11 jumping spiders
  An air elemental (Elf:1)
  14 culicivoras
  20 slime creatures
  A vampire (D:11)
  2 shadows
  3 wraiths (D:14)
  3 wyverns
  7 basilisks
  A golden eye (shapeshifter) (D:14)
  2 water elementals
  43 yaks
  3 steam dragons (Lair:5)
  2 fire elementals (Volcano)
  2 vampire mosquitoes (D:12)
  20 redbacks
  16 water moccasins
  6 hell hounds (Volcano)
  3 acid dragons
  Duvessa (D:6)
  36 orc warriors
  2 laughing skulls (D:13)
  4 swamp drakes
  2 sky beasts
  4 ice beasts
  4 black bears
  6 ogres
  7 wolves
  16 centaurs
  A lemure (D:7)
  21 bullfrogs
  A kobold brigand (D:6)
  5 scorpions
  A gnoll sergeant (D:9)
  A small abomination (Gauntlet)
  5 wights
  Dowan (D:6)
  4 killer bees (D:6)
  6 spriggan skeletons (D:14)
  3 howler monkeys
  5 electric eels
  A troll skeleton (D:14)
  2 bombardier beetles (D:7)
  A crimson imp (Orc:1)
  8 jellies
  10 hounds
  4 orc priests
  An iron imp (Orc:1)
  9 iguanas
  A sleepcap (D:7)
  Terence (D:2)
  19 orc wizards
  4 gnolls (D:9)
  8 adders
  8 river rats
  A shadow imp (Orc:1)
  3 white imps
  2 ufetubi (Gauntlet)
  A ribbon worm (D:2)
  3 dart slugs
  56 orcs
  19 ball pythons
  A bat (D:3)
  4 endoplasms
  A giant cockroach (D:3)
  11 goblins
  4 hobgoblins
  A jackal (D:4)
  7 frilled lizards
  12 kobolds
  27 rats
807 creatures vanquished.

Vanquished Creatures (collateral kills)
  A hydra (Lair:5)
  A boulder beetle (Spider:2)
  A death yak (Lair:5)
  A steelbarb worm (Spider:2)
  4 tarantellas (Spider:2)
  2 blink frogs (Lair:4)
  2 culicivoras (Spider:2)
  5 redbacks (Spider:2)
17 creatures vanquished.

Vanquished Creatures (others)
  A spark wasp (Spider:1)
  A hydra (Lair:5)
  A steelbarb worm (Spider:2)
  A wolf spider (Spider:2)
  A culicivora (Spider:3)
  A redback (Spider:2)
  A sleepcap (D:6)
7 creatures vanquished.

Grand Total: 831 creatures vanquished

Notes
Turn   | Place    | Note
-------+----------+-------------------------------------------
     0 | D:1      | hikkokomori the Coglin Berserker began the quest for the
                  | Orb.
     0 | D:1      | Reached XP level 1. HP: 18/18 MP: 1/1
    49 | D:1      | Found a faded altar of an unknown god.
    50 | D:1      | Noticed a great orb of eyes
    51 | D:1      | Noticed a great orb of eyes
    52 | D:1      | Noticed an eye of devastation
    52 | D:1      | Noticed a great orb of eyes
   122 | D:1      | Reached XP level 2. HP: 24/24 MP: 2/2
   574 | D:2      | Noticed Terence
   590 | D:2      | Killed Terence
   591 | D:2      | Reached XP level 3. HP: 17/29 MP: 3/3
   800 | D:2      | Noticed Sigmund
   843 | D:3      | Reached XP level 4. HP: 8/35 MP: 4/4
  1133 | D:3      | Noticed a scorpion
  1143 | D:3      | Killed a scorpion
  1144 | D:3      | Reached XP level 5. HP: 31/42 MP: 5/5
  1231 | D:3      | Found Giosm's Assorted Antiques.
  1588 | D:3      | Reached ** piety under Trog
  1990 | D:4      | Reached skill level 1 in Long Blades
  1996 | D:4      | Identified the +7 falchion of Eroloeck {heavy, Stlth+}
  2098 | D:4      | Found a glowing golden altar of the Shining One.
  2200 | D:4      | Reached XP level 6. HP: 48/48 MP: 6/6
  2223 | D:4      | Found a sparkling altar of Nemelex Xobeh.
  2260 | D:4      | Reached skill level 5 in Axes
  2674 | D:4      | Found a hazy altar of Hepliaklqana.
  2784 | D:5      | Entered Level 5 of the Dungeon
  2785 | D:5      | Identified 3 scrolls of acquirement
  2793 | D:5      | Acquired the +1 pair of boots "Agroil" {rPois Str+3}
  2863 | D:5      | Reached skill level 1 in Evocations
  2880 | D:5      | Noticed an ice beast
  2885 | D:5      | Killed an ice beast
  2886 | D:5      | Reached skill level 2 in Evocations
  2886 | D:5      | Reached XP level 7. HP: 54/54 MP: 7/7
  2890 | D:5      | Found a staircase to the Ecumenical Temple.
  2960 | D:5      | Found a glowing drain.
  2980 | Sewer    | Entered a sewer
  3005 | Sewer    | Reached skill level 3 in Evocations
  3085 | Sewer    | Reached *** piety under Trog
  3283 | Sewer    | Reached skill level 4 in Evocations
  3559 | D:5      | Reached XP level 8. HP: 44/60 MP: 8/8
  3700 | D:5      | Noticed a two-headed ogre
  3704 | D:5      | Killed a two-headed ogre
  3705 | D:5      | Reached skill level 5 in Long Blades
  3705 | D:5      | Reached skill level 5 in Evocations
  3953 | D:5      | Reached skill level 6 in Evocations
  4036 | D:5      | Reached XP level 9. HP: 65/65 MP: 9/9
  4129 | D:3      | Bought a polished sling for 182 gold pieces
  4129 | D:3      | Identified the +1 sling "Qoafejao" {freeze, rN+ Stlth+}
                  | (You bought it in a shop on level 3 of the Dungeon)
  4129 | D:3      | Acquired the +0 mask of the Dragon {Will+ Slay+3 SInv}
  4129 | D:3      | Found the +0 mask of the Dragon {Will+ Slay+3 SInv}
  4141 | D:3      | Acquired the scarf "Qeosokol" {rC+ rF+, Str+3 Stlth+}
  4211 | D:6      | Found a hide-covered altar of Uskayaw.
  4225 | D:6      | Reached **** piety under Trog
  4335 | D:6      | Identified the +4 scimitar "Zoitz" {vamp, rPois}
  4365 | D:6      | Found a stormy altar of Qazlal.
  4379 | D:6      | Noticed Duvessa
  4379 | D:6      | Noticed Dowan
  4387 | D:6      | Killed Duvessa
  4388 | D:6      | Killed Dowan
  4496 | D:6      | Found a shadowy altar of Dithmenos.
  4534 | D:6      | Reached skill level 5 in Fighting
  4726 | D:7      | Noticed a komodo dragon
  4726 | D:7      | Noticed a deep elf pyromancer
  4727 | D:7      | Noticed a cyclops
  4753 | D:7      | Killed a komodo dragon
  4754 | D:7      | Reached XP level 10. HP: 71/76 MP: 10/10
  4756 | D:7      | Killed a cyclops
  4774 | D:7      | Killed a deep elf pyromancer
  5118 | D:7      | Reached skill level 10 in Long Blades
  5315 | D:7      | Noticed Pikel
  5326 | D:7      | Killed Pikel
  5866 | D:8      | Found a glowing silver altar of Zin.
  5886 | D:8      | Found a burning altar of Makhleb.
  5917 | D:8      | Found a shimmering blue altar of Sif Muna.
  5920 | D:8      | Reached XP level 11. HP: 54/81 MP: 11/11
  5921 | D:8      | Reached ***** piety under Trog
  6000 | D:8      | Found an iron altar of Okawaru.
  6030 | D:8      | Found an opulent altar of Gozag.
  6130 | D:8      | Found a broken altar of Ashenzari.
  6134 | D:8      | Saw a vision of the Shoals and the Spider Nest.
  6134 | D:8      | Noticed an orb spider
  6134 | D:8      | Noticed a moth of wrath
  6134 | D:8      | Noticed a sea snake
  6134 | D:8      | Noticed a cyclops
  6134 | D:8      | Noticed an alligator snapping turtle
  6135 | D:8      | Noticed a merfolk javelineer
  6139 | D:8      | Noticed a demonic crawler
  6196 | D:8      | Noticed Prince Ribbit
  6201 | D:8      | Killed Prince Ribbit
  6426 | D:8      | Found a bloodstained altar of Trog.
  6532 | D:9      | Noticed a two-headed ogre
  6539 | D:9      | Killed a two-headed ogre
  6540 | D:9      | Reached skill level 7 in Evocations
  6794 | D:9      | Noticed a two-headed ogre
  6798 | D:9      | Killed a two-headed ogre
  6980 | D:9      | Found a staircase to the Lair.
  7076 | D:9      | Noticed a two-headed ogre
  7083 | D:9      | Killed a two-headed ogre
  7084 | D:9      | Reached skill level 8 in Evocations
  7763 | D:10     | Entered Level 10 of the Dungeon
  8752 | D:10     | Identified the amulet of Sypaz {Reflect -Tele rCorr Slay+5
                  | SH+5}
  8776 | D:11     | Found a blossoming altar of Fedhas.
  8889 | D:11     | Noticed a two-headed ogre
  8902 | D:11     | Killed a two-headed ogre
  8903 | D:11     | Reached skill level 5 in Throwing
  8977 | D:11     | Reached XP level 12. HP: 86/92 MP: 12/12
  9064 | D:11     | Received a gift from Trog
  9332 | D:11     | Noticed Psyche
  9334 | D:11     | Killed Psyche
  9493 | D:11     | Noticed Harold
  9503 | D:11     | Killed Harold
 10046 | Lair:1   | Entered Level 1 of the Lair of Beasts
 10067 | Lair:1   | Reached skill level 9 in Evocations
 10071 | Lair:1   | Reached skill level 5 in Armour
 10071 | Lair:1   | Reached skill level 5 in Dodging
 10169 | Lair:1   | Found a gate leading to a gauntlet.
 10178 | Gauntlet | Entered a Gauntlet
 10178 | Gauntlet | Found a transporter.
 10178 | Gauntlet | Found a transporter.
 10184 | Gauntlet | Found a transporter.
 10196 | Gauntlet | Found a transporter.
 10211 | Gauntlet | Found a transporter.
 10214 | Gauntlet | Found a transporter.
 10214 | Gauntlet | Found a transporter.
 10216 | Gauntlet | Found a transporter.
 10216 | Gauntlet | Found a transporter.
 10218 | Gauntlet | Noticed a wretched star
 10230 | Gauntlet | Found a transporter.
 10246 | Gauntlet | Found a transporter.
 10256 | Gauntlet | Found a transporter.
 10270 | Gauntlet | Found a transporter.
 10290 | Gauntlet | Found a transporter.
 10443 | Gauntlet | Identified the ring of Zaonofiroa {rN+ Will+}
 10520 | Gauntlet | Killed a wretched star
 10625 | Gauntlet | Noticed a minotaur
 10637 | Gauntlet | Killed a minotaur
 10817 | Gauntlet | Identified the ring "Uttiqasa" {Fire Dex+4 SInv}
 10817 | Gauntlet | Identified the +8 rapier of Taxation {freeze, rF- rC+ rN+}
 10817 | Gauntlet | Identified the amulet of Ephemeral Luck {Acrobat rF+ Will+}
 10950 | Lair:1   | Reached skill level 10 in Evocations
 11123 | Lair:1   | Found an opulent altar of Gozag.
 11771 | Lair:2   | Reached XP level 13. HP: 97/101 MP: 13/13
 11901 | Lair:2   | Received a gift from Trog
 11998 | Lair:2   | Noticed Fannar
 12013 | Lair:2   | Killed Fannar
 12145 | Lair:2   | Reached skill level 11 in Evocations
 12386 | Lair:2   | Found a hole to the Spider Nest.
 12497 | Lair:2   | Found a staircase to the Shoals.
 12779 | Lair:3   | Reached skill level 10 in Fighting
 12945 | Lair:3   | Reached skill level 12 in Evocations
 14120 | D:12     | Found a staircase to the Orcish Mines.
 15345 | Orc:1    | Entered Level 1 of the Orcish Mines
 15473 | Orc:1    | Found a dark tunnel.
 15489 | Volcano  | Entered a volcano
 15532 | Volcano  | Reached XP level 14. HP: 113/113 MP: 14/14
 15534 | Volcano  | Acquired a N-80 turboramjet {rElec Will+ Clar RMsl}
 16029 | Orc:1    | Received a gift from Trog
 16532 | Orc:2    | Entered Level 2 of the Orcish Mines
 17467 | Orc:2    | Received a gift from Trog
 17641 | Orc:2    | Noticed Snorg
 17647 | Orc:2    | Killed Snorg
 17648 | Orc:2    | Reached skill level 10 in Armour
 17648 | Orc:2    | Reached skill level 1 in Short Blades
 17732 | Orc:2    | Found a staircase to the Elven Halls.
 17774 | Orc:2    | Found Kauluov's Distillery.
 17774 | Orc:2    | Found Veyntug's Antique Weapon Emporium.
 17776 | Orc:2    | Found Gurr's Weapon Shoppe.
 17778 | Orc:2    | Found Digyowno's General Store.
 17790 | Orc:2    | Bought a potion of might for 56 gold pieces
 17904 | Elf:1    | Entered Level 1 of the Elven Halls
 18477 | Elf:1    | Reached skill level 5 in Short Blades
 18811 | Elf:1    | Reached XP level 15. HP: 37/118 MP: 15/15
 19185 | Elf:1    | Received a gift from Trog
 19409 | Elf:1    | Noticed Asterion
 19415 | Elf:1    | Noticed a deep elf elementalist
 19417 | Elf:1    | Noticed a deep elf elementalist
 19417 | Elf:1    | Noticed a deep elf elementalist
 19638 | Elf:1    | Killed a deep elf elementalist
 19674 | Elf:1    | Killed a deep elf elementalist
 19687 | Elf:1    | Killed a deep elf elementalist
 19810 | Elf:1    | Found a portal to a secret trove of treasure.
 19966 | Elf:1    | Killed Asterion
 20359 | Elf:1    | Noticed a deep elf sorcerer
 20368 | Elf:1    | Killed a deep elf sorcerer
 20868 | D:3      | Bought a phial of floods for 1120 gold pieces
 20868 | D:3      | Bought a wand of charming (2) for 134 gold pieces
 20868 | D:3      | Bought a potion of cancellation for 224 gold pieces
 21139 | Orc:2    | Bought a potion of might for 68 gold pieces
 21668 | Lair:4   | Found a white marble altar of Elyvilon.
 21797 | Lair:4   | Found a viscous altar of Jiyva.
 21797 | Lair:4   | Found a staircase to the Slime Pits.
 22059 | Lair:5   | Entered Level 5 of the Lair of Beasts
 22322 | Lair:5   | Reached ****** piety under Trog
 22342 | Lair:5   | Received a gift from Trog
 22343 | Lair:5   | Reached skill level 13 in Evocations
 22964 | Lair:5   | Reached skill level 10 in Dodging
 23065 | Lair:5   | Reached XP level 16. HP: 88/125 MP: 16/16
 23372 | Lair:5   | Reached skill level 14 in Evocations
 24321 | D:13     | Identified the +2 spear of Resourcefulness {drain, rN+
                  | Int+7}
 24559 | D:13     | Reached skill level 15 in Evocations
 25112 | D:13     | Found a gate to the Vaults.
 25941 | D:14     | Received a gift from Trog
 26539 | D:15     | Entered Level 15 of the Dungeon
 26613 | D:15     | Noticed Louise
 26655 | D:15     | Killed Louise
 27220 | D:15     | Found a shadowy altar of Dithmenos.
 27736 | D:15     | Reached skill level 10 in Short Blades
 27752 | D:15     | Found a staircase to the Depths.
 27758 | D:15     | Reached skill level 16 in Evocations
 28131 | Spider:1 | Entered Level 1 of the Spider Nest
 28303 | Spider:1 | Noticed Donald
 28317 | Spider:1 | Killed Donald
 28529 | Spider:1 | Noticed Agnes
 28533 | Spider:1 | Killed Agnes
 28884 | Spider:1 | Identified the serpent talisman "Meyse" {rF- MP+9 Str+2
                  | Dex+2}
 28884 | Spider:1 | Noticed Aizul
 28894 | Spider:1 | Killed Aizul
 28895 | Spider:1 | Reached XP level 17. HP: 133/133 MP: 17/17
 29158 | Spider:2 | Received a gift from Trog
 29198 | Spider:2 | Acquired a manual of Armour
 29613 | Spider:2 | Found a runed translucent gate.
 29613 | Spider:2 | Found a runed translucent gate.
 29613 | Spider:2 | Found a runed translucent gate.
 29614 | Spider:2 | Noticed Posi's ghost (adept DjIE)
 29614 | Spider:2 | Noticed Oroqousi's ghost (adept GrEE)
 29614 | Spider:2 | Noticed ASSMAN's ghost (adept CoAr)
 29614 | Spider:2 | Noticed Biggs's ghost (journeyman DjCj)
 29615 | Spider:2 | Found the brooch of Shielding {Spirit SH+8}
 29644 | Spider:2 | Killed Oroqousi's ghost
 29650 | Spider:2 | Killed ASSMAN's ghost
 29662 | Spider:2 | Killed Posi's ghost
 29666 | Spider:2 | Killed Biggs's ghost
 31099 | Shoals:1 | Entered Level 1 of the Shoals
 31274 | Shoals:1 | HP: 5/192 [poisoned by a merfolk impaler]
 31274 | Shoals:1 | Slain by a merfolk impaler

Illustrated notes

Levels and vault maps discovered:
D:1:      lightli_molten_gateway, layout_rooms,
          hellmonk_ecumenical_altar_watching_god, minmay_misc_feat_more_columns
D:2:      layout_basic, serial_aquarium, aquarium_bridge_straight
          [aquarium_subvault_bridge, aquarium_subvault_balcony,
          aquarium_subvault_bridge, aquarium_subvault_window],
          aquarium_bridge_square [aquarium_subvault_balcony,
          aquarium_subvault_wall, aquarium_subvault_bridge,
          aquarium_subvault_wall], aquarium_window_1,
          aquarium_window_corridor_1, aquarium_window_corner, aquarium_view_2a,
          aquarium_pool_four, serial_shops, nicolae_shop_hallway_plus,
          uniq_sigmund, uniq_terence
D:3:      layout_loops_ring, serial_bayou, serial_bayou_lake_a,
          serial_bayou_lagoon_b, serial_bayou_pond_d, serial_bayou_pond_a,
          serial_shops, nicolae_square_shop, grunt_ministairs_13
D:4:      layout_loops_cross, lemuel_coloured_pillars_altar,
          mainiacjoe_overflow_surrounded_room, mainiacjoe_overflow_alcove_2,
          minmay_quadrilaterals
D:5:      layout_gridville, minmay_temple_entry_statues_pillars,
          portal_sewer_entry_a, minmay_manual_mess
D:6:      layout_basic, kennysheep_mini, mainiacjoe_overflow_cross_hatched,
          grunt_qazlal_clouds, uniq_duvessa
D:7:      layout_loops_corners, kennysheep_doodads, minmay_the_grid_2x2
          [minmay_the_grid_zigzag_pyramid, minmay_the_grid_paths,
          minmay_the_grid_minigrid_large, minmay_the_grid_prize_big_room],
          uniq_pikel
D:8:      layout_rooms, mainiacjoe_overflow_tiny_flanked,
          nicolae_overflow_crystal_walls, mainiacjoe_overflow_24_doors,
          grunt_ashenzari_visionary [grunt_ashenzari_visionary_shoals,
          grunt_ashenzari_visionary_spider], nicolae_overflow_hidden_temple,
          mainiacjoe_overflow_large_starburst, uniq_prince_ribbit1
D:9:      layout_basic, erik_lair_island
D:10:     layout_small_grid, kennysheep_flooded_box,
          nicolae_concentric_dashed_squares_mild
D:11:     layout_cave_pods, fedhas_bush_and_centaur_altar, uniq_harold,
          uniq_psyche
D:12:     layout_stronghold, david_orc_4, grunt_decor_clamped
D:13:     layout_loops_cross, david_vaults_2
D:14:     layout_stronghold, nicolae_tricolors, hangedman_tell_no_tales
D:15:     hangedman_depths_entry_try_elsewhere_first, layout_cave_pods,
          serial_park_fountain, chequers_serial_rivers_small_a,
          grunt_dithmenos_shadows, uniq_louise
Lair:1:   layout_small_grid, gauntlet_entry_generic, basic_altar
Lair:2:   layout_misc_corridors, minmay_shoals_entry_hut,
          hellmonk_spider_entry_life_and_decay, grunt_megastairs_1, uniq_fannar
Lair:3:   layout_roguey, st_stairs_10, grunt_forest_small_clearing_treed
Lair:4:   layout_hall_layers, minmay_slime_entry_pillars, basic_altar,
          grunt_megastairs_2, serial_bayou_shore_b
Lair:5:   guppyfry_lair_end_dragon, layout_big_grid, hangedman_lair_in_review
Shoals:1: layout_shoals, nicolae_shoals_mertower
Spider:1: layout_spider_delve, nicolae_spider_circle_web, uniq_donald,
          uniq_agnes, uniq_aizul
Spider:2: layout_spider_delve, gammafunk_ghost_cemetery
Spider:3: layout_spider_delve, nicolae_spider_checkerboard
Orc:1:    nicolae_orc_accident_1, layout_caves, nicolae_volcano_entry_lava_flow,
          hangedman_minor_magic
Orc:2:    st_orc_rangers, layout_caves, uniq_snorg
Elf:1:    minmay_elf_arrival_plus, layout_gridlike, trove_entry_hex_spiral,
          guppyfry_library_mini, uniq_asterion

Skill      XL: |  1  2  3  4  5  6  7  8  9 10 11 12 13 14 15 16 17 |
---------------+----------------------------------------------------+-----
Armour         | 2 4 6 8 10 11 13 | 13.5
Dodging        | 2 4 6 7 9 10 | 10.1
Fighting       | 4 6 8 9 11 12 | 12.8
Axes           | 4 5 6 7 |  7.0
Long Blades    | 1 3 4 5 7 11 12 13 14 | 14.5
Evocations     | 2 4 6 8 10 12 13 16 | 16.0
Throwing       | 3 5 6 8 |  8.0
Short Blades   | 6 9 10 | 10.3

Action                     |  1- 3 |  4- 6 |  7- 9 | 10-12 | 13-15 | 16-18 || total
---------------------------+-------+-------+-------+-------+-------+-------++-------
  Melee: Hand axe          |    68 |   113 |   131 |       |       |       ||   312
         Dagger            |     3 |       |       |       |       |       ||     3
         Falchion          |       |    48 |   171 |   336 |   308 |       ||   863
         Scimitar          |       |       |    39 |   329 |   754 |   525 ||  1647
         Rapier            |       |       |       |       |   468 |   363 ||   831
         Double sword      |       |       |       |       |       |   191 ||   191
  Throw: Javelin           |       |       |       |     7 |     2 |     3 ||    12
         Throwing net      |       |       |       |       |       |     3 ||     3
 Invoke: Berserk           |     2 |       |     5 |     6 |    11 |    12 ||    36
         Trog's Hand       |       |       |       |       |     1 |       ||     1
Ability: Invent Gizmo      |       |       |       |       |     1 |       ||     1
  Evoke: Wand              |       |       |       |     9 |     8 |    19 ||    36
         Box of beasts     |       |       |       |       |     1 |     1 ||     2
         Lightning rod     |       |       |       |       |       |     1 ||     1
    Use: Scroll            |       |     9 |     9 |     6 |    11 |    11 ||    46
         Potion            |       |       |     1 |       |       |     3 ||     4
   Stab: Petrified         |       |       |       |       |       |     3 ||     3
 Armour: Animal skin       |    15 |       |       |       |       |       ||    15
         Chain mail        |    28 |    68 |   208 |   265 |   573 |   265 ||  1407
         Acid dragon scale |       |       |       |     3 |       |       ||     3
         Plate armour      |       |       |       |       |       |   248 ||   248
  Dodge: Dodged            |    23 |    36 |   108 |   152 |   531 |   402 ||  1252
         Repelled          |       |       |       |       |    92 |    40 ||   132

Table legend: (Time is in decaauts)
 A = Elapsed time spent in this place.
 B = Non-inter-level travel time spent in this place.
 C = Inter-level travel time spent in this place.
 D = Time resting spent in this place.
 E = Time spent auto-exploring this place.
 F = Levels seen in this place.
 G = Mean time per level.
                   A        B        C        D        E       F      G
               +--------+--------+--------+--------+--------+-----+--------+
         Total |  31296 |  29211 |   2085 |   2519 |  21274 |  30 | 1043.2 |
       Dungeon |  15899 |  14449 |   1450 |    434 |  11501 |  15 | 1059.9 |
          Lair |   5786 |   5410 |    376 |    166 |   4339 |   5 | 1157.2 |
        Shoals |    177 |    177 |      0 |      0 |    105 |   1 |  177.0 |
   Spider Nest |   2918 |   2814 |    104 |    109 |   2140 |   3 |  972.7 |
  Orcish Mines |   2990 |   2857 |    133 |   1250 |   1164 |   2 | 1495.0 |
   Elven Halls |   1957 |   1938 |     19 |    344 |   1182 |   1 | 1957.0 |
         Sewer |    445 |    445 |      0 |     42 |    262 |   1 |  445.0 |
       Volcano |    411 |    411 |      0 |      0 |    233 |   1 |  411.0 |
      Gauntlet |    710 |    710 |      0 |    172 |    346 |   1 |  710.0 |
               +--------+--------+--------+--------+--------+-----+--------+

Top non-repeatable levels by time:
   Elf:1: 1957 daAuts
   Orc:2: 1754 daAuts
    D:14: 1752 daAuts
  Lair:5: 1693 daAuts
    D:12: 1644 daAuts
    D:11: 1303 daAuts
   Orc:1: 1236 daAuts
     D:9: 1232 daAuts
     D:7: 1227 daAuts
     D:3: 1206 daAuts
    D:13: 1149 daAuts
  Lair:2: 1141 daAuts
    D:10: 1130 daAuts
  Lair:1: 1070 daAuts
  Lair:3: 1053 daAuts
